 Dungeon Crawl Stone Soup version 0.23-a0-619-g281719c (webtiles) character file.

2358 Matador8 the Transmogrifier (level 9, 0/59 HPs)
             Began as a Merfolk Transmuter on Dec 22, 2018.
             Was an Initiate of Nemelex Xobeh.
             Slain by a two-headed ogre
             ... wielding a +0 giant club
              (30 damage)
             ... on level 7 of the Dungeon.
             The game lasted 00:49:08 (11091 turns).

Matador8 the Transmogrifier (Merfolk Transmuter)   Turns: 11091, Time: 00:49:08

Health: 0/59       AC:  2    Str: 11    XL:     9   Next: 44%
Magic:  11/14      EV: 21    Int: 15    God:    Nemelex Xobeh [......]
Gold:   421        SH:  0    Dex: 19    Spells: 3/14 levels left

rFire    . . .     SeeInvis .     - Unarmed
rCold    . . .     Gourm    .   (shield currently unavailable)
rNeg     . . .     Faith    .   (armour currently unavailable)
rPois    x         Spirit   .   (helmet currently unavailable)
rElec    .         Reflect  .   (cloak currently unavailable)
rCorr    .         Harm     .   (gloves currently unavailable)
MR       .....                  (boots currently unavailable)
Stlth    ++........             (no amulet)
HPRegen  0.19/turn              (no ring)
MPRegen  0.14/turn              (no ring)

@: lethally poisoned (0 -> -7), spider-form
A: tiny, (change form in water), (swift swim), (stealthy swim)
a: End Transformation, Draw Escape, Draw Destruction, Draw Summoning, Renounce
Religion


You were on level 7 of the Dungeon.
You worshipped Nemelex Xobeh.
Nemelex Xobeh was noncommittal.
You were not hungry.
You were a venomous arachnid creature.
You visited 2 branches of the dungeon, and saw 9 of its levels.

You collected 421 gold pieces.

Inventory:

Hand Weapons
 x - the cursed +1 trident "Acoi" {drain, rElec rN++ Str-5 SInv, unknown}
   (You found it on level 4 of the Dungeon)

   A truly terrible weapon, it drains the life of those it strikes.
   It affects your strength (-5).
   It insulates you from electricity.
   It greatly protects you from negative energy.
   It lets you see invisible.
   It has a curse placed upon it.
 H - the cursed +1 falchion "Noecoynt" {vamp, -Tele rC+ MR+ Str+2, unknown}
   (You found it on level 5 of the Dungeon)

   It inflicts no extra harm, but heals its wielder when it wounds a living foe.
   It affects your strength (+2).
   It protects you from cold.
   It affects your resistance to hostile enchantments.
   It prevents most forms of teleportation.
   It has a curse placed upon it.
Missiles
 n - 79 arrows
 y - 33 poisoned needles
Armour
 b - a +0 robe
 f - a +0 chain mail
 i - a +0 leather armour (melded)
 m - a +0 scale mail
 r - a +0 pair of gloves (melded)
 u - a +2 ring mail of positive energy
 w - a +0 cloak (melded)
 K - a cursed +0 plate armour
Jewellery
 c - an uncursed ring of magical power {unknown}
 e - an uncursed amulet of the acrobat
 t - an uncursed ring of ice {unknown}
 z - an uncursed amulet of the gourmand {unknown}
 A - an uncursed ring of protection from magic {unknown}
Wands
 G - a wand of random effects (21)
Scrolls
 g - 2 scrolls of identify
 h - a scroll of random uselessness {unknown}
 j - 5 scrolls of fog
 l - 5 scrolls of teleportation
 o - 2 scrolls of enchant weapon {unknown}
 q - 2 scrolls of enchant armour {unknown}
 C - a scroll of amnesia {unknown}
 D - a scroll of immolation {unknown}
 E - 2 scrolls of fear {unknown}
 F - 2 scrolls of blinking
 I - a scroll of remove curse {unknown}
 L - a scroll of magic mapping {unknown}
Potions
 a - a potion of curing
 k - 3 potions of haste
 p - 2 potions of resistance {unknown}
 s - a potion of ambrosia {unknown}
 v - 2 potions of agility {unknown}
 B - 2 potions of lignification
 J - a potion of might {unknown}
 M - a potion of degeneration {unknown}
 N - a potion of invisibility {unknown}
 O - a potion of brilliance {unknown}
Comestibles
 d - 8 rations


   Skills:
 - Level 1.1 Fighting
 + Level 3.0 Dodging
 - Level 10.0 Unarmed Combat
 + Level 3.4 Spellcasting
 - Level 10.2 Transmutations
 + Level 3.0 Invocations


You had 3 spell levels left.
You knew the following spells:

 Your Spells              Type           Power        Failure   Level  Hunger
a - Beastly Appendage     Tmut           ####..       2%          1    None
b - Sticks to Snakes      Tmut           ####....     3%          2    ##.....
c - Spider Form           Tmut/Pois      ###.......   19%         3    ###....
d - Blade Hands           Tmut           ####......   22%         5    ######.

Your spell library contained the following spells:

 Spells                   Type           Power        Failure   Level  Hunger
 Confusing Touch          Hex            #.....       38%         1    None
 Summon Small Mammal      Summ           #...         38%         1    None
 Call Imp                 Summ           #.......     50%         2    ##.....
 Call Canine Familiar     Summ           #.......     71%         3    ###....
 Confuse                  Hex            #.......     71%         3    ###....
 Gell's Gravitas          Tloc           #.........   71%         3    ###....
 Summon Guardian Golem    Hex/Summ       #.......     71%         3    ###....
 Ice Form                 Ice/Tmut       ###.....     45%         4    ####...
 Petrify                  Tmut/Erth      ###.....     45%         4    ####...
 Yara's Violent Unravell  Hex/Tmut       ###.......   75%         5    ######.
 Summon Ice Beast         Ice/Summ       #.......     96%         4    ####...
 Summon Lightning Spire   Summ/Air       #.......     96%         4    ####...
 Metabolic Englaciation   Hex/Ice        #.........   100%        5    ######.


Dungeon Overview and Level Annotations

Branches:
Dungeon (8/15)             Temple (1/1) D:7
   Lair: D:8-11

Altars:
Ashenzari
Cheibriados
Dithmenos
Elyvilon
Fedhas
Gozag
Hepliaklqana
Kikubaaqudgha
Makhleb
Nemelex Xobeh
Okawaru
Qazlal
Ru
Sif Muna
Trog
Vehumet
Wu Jian
Xom
Yredelemnul
Zin
The Shining One

Shops:
D:7 *

Annotations:
D:2 1 runed door


Message History

You are more poisoned.
The big kobold completely misses you.
You climb upwards.
You feel sick.
There is a stone staircase leading down here.
You see here a crocodile skeleton.
Casting: Spider Form (safe; 10% risk of failure)
Confirm with . or Enter, or press ? or * to list all spells.
You turn into a venomous arachnid creature.
Your +0 cloak melds into your body.
Your +0 pair of gloves melds into your body.
Your +0 leather armour melds into your body.
You feel sick. The two-headed ogre misses you.
The two-headed ogre hits you with a +0 giant spiked club!!
The big kobold barely misses you.
You hit the big kobold.
The big kobold is lightly wounded.
The two-headed ogre hits you with a +0 giant club!!
Ouch! That really hurt!
You die...
Your body disappears without a glow.

..(#
#.#........'........#.#.#
...#
###.#.########^.......#.#.#
...#
#.)...................#.#.#
####
#.#.#.#################.#.#
#...#.# #........[......
###.#.######.##########.###
#........#.# #....
#.#.####O#.# ##### #.#..#
#s#.# #.##.###K#.#
#.##.....#.# #.########.#
#.########.# #..........#
############


You could see a two-headed ogre and a big kobold.

Vanquished Creatures
  A hippogriff (D:7)
  A sky beast (D:6)
  An ogre (D:4)
  2 centaurs (D:7)
  A crocodile (D:7)
  A big kobold (D:7)
  Blork the orc (D:6)
  A bullfrog (D:7)
  2 scorpions
  A water moccasin skeleton (D:4)
  A howler monkey (D:5)
  A crimson imp (D:5)
  A centaur skeleton (D:5)
  3 hounds
  3 jellies
  2 orc priests
  A bullfrog skeleton (D:6)
  5 iguanas
  A worker ant (D:6)
  3 orc wizards
  2 killer bee zombies
  2 hound skeletons (D:6)
  15 gnolls
  A howler monkey skeleton (D:6)
  11 adders
  4 shadow imps (D:6)
  2 oozes
  An adder skeleton (D:5)
  3 worms
  4 dart slugs (D:1)
  4 leopard geckos
  18 orcs
  A ball python (D:1)
  A giant cockroach (D:3)
  4 goblins
  9 hobgoblins
  18 jackals
  20 kobolds
  2 quokkas
  10 bats
  3 frilled lizards
  A leopard gecko skeleton (D:4)
  9 rats
178 creatures vanquished.

Vanquished Creatures (collateral kills)
  A hippogriff (D:7)
  Eustachio (D:5)
  An orc wizard (D:6)
  A hound skeleton (D:7)
  An orc (D:6)
  2 goblins (D:1)
  A kobold (D:8)
  A rat (D:1)
9 creatures vanquished.

Grand Total: 187 creatures vanquished

Notes
Turn   | Place    | Note
-------+----------+-------------------------------------------
     0 | D:1      | Matador8 the Merfolk Transmuter began the quest for the
                  | Orb.
     0 | D:1      | Reached XP level 1. HP: 15/15 MP: 3/3
    99 | D:1      | Reached XP level 2. HP: 6/21 MP: 1/5
   483 | D:1      | Learned a level 2 spell: Sticks to Snakes
   626 | D:1      | Reached XP level 3. HP: 6/26 MP: 6/6
  1581 | D:1      | Reached XP level 4. HP: 20/32 MP: 2/7
  2156 | D:1      | Learned a level 3 spell: Spider Form
  2481 | D:2      | Reached skill level 5 in Transmutations
  2486 | D:2      | Reached XP level 5. HP: 6/37 MP: 5/8
  2880 | D:2      | Reached skill level 5 in Unarmed Combat
  2926 | D:2      | Found a white marble altar of Elyvilon.
  3033 | D:2      | Found a basalt altar of Yredelemnul.
  3351 | D:2      | Found a runed door.
  3433 | D:3      | Found an ancient bone altar of Kikubaaqudgha.
  3828 | D:3      | Reached XP level 6. HP: 43/43 MP: 5/9
  4212 | D:3      | Found a deep blue altar of Sif Muna.
  4237 | D:3      | Found an iron altar of Okawaru.
  4614 | D:4      | Got a faintly glowing trident
  5251 | D:4      | You fall through a shaft for 2 floors!
  5290 | D:6      | Reached XP level 7. HP: 41/48 MP: 10/10
  5294 | D:5      | Entered Level 5 of the Dungeon
  5294 | D:5      | Found a snail-covered altar of Cheibriados.
  5450 | D:5      | Found an opulent altar of Gozag.
  5476 | D:5      | HP: 2/48 [iguana (11)]
  6062 | D:5      | Got an ancient falchion
  7278 | D:5      | Noticed Eustachio
  7374 | D:5      | Reached XP level 8. HP: 54/54 MP: 8/11
  7632 | D:5      | Killed Eustachio
  8724 | D:6      | Reached skill level 10 in Transmutations
  8799 | D:6      | Noticed Blork the orc
  8818 | D:6      | Killed Blork the orc
  9010 | D:6      | Learned a level 5 spell: Blade Hands
  9245 | D:7      | Found a staircase to the Ecumenical Temple.
  9363 | Temple   | Entered the Ecumenical Temple
  9496 | Temple   | Became a worshipper of Nemelex Xobeh the Trickster
  9535 | D:7      | Found Holo's Assorted Antiques.
  9563 | D:7      | Reached skill level 1 in Invocations
  9563 | D:7      | Reached XP level 9. HP: 30/59 MP: 12/12
  9762 | D:7      | Received a gift from Nemelex Xobeh
 10161 | D:7      | Found a radiant altar of Vehumet.
 10204 | D:7      | Found a bloodstained altar of Trog.
 10538 | D:7      | Reached skill level 10 in Unarmed Combat
 10642 | D:8      | Noticed a two-headed ogre
 11091 | D:7      | Slain by a two-headed ogre

Vault maps used:
D:1:      dpeg_arrival_erosion, serial_forest, infiniplex_forest_side_room,
          infiniplex_forest_corner_2, infiniplex_forest_lined_2,
          infiniplex_forest_lined_2, infiniplex_forest_clump_diagonal,
          infiniplex_forest_clump_tiny, infiniplex_forest_lined_1
D:2:      kennysheep_ying_yang, uniq_crazy_yiuf_cottage
D:3:      minitemple, marbit_many_paths
D:4:      serial_glass, glass_columns_a, glass_columns_a,
          kennysheep_generic_room_10
D:5:      slow_altar_1, first_ration, lemuel_altar_in_water2, uniq_eustachio
D:6:      uniq_blork_the_orc
D:7:      overflow_temple_1_default, kennysheep_little_box,
          minmay_temple_entry_stoned_glass, serial_shops, shop
D:8:      kennysheep_ambush_hall
Temple:   nicolae_temple_figure_eight

Skill      XL: |  1  2  3  4  5  6  7  8  9 |
---------------+----------------------------+-----
Transmutations | 3 4 5 7 8 10 | 10.2
Unarmed Combat | 4 5 6 7 9 10 | 10.0
Invocations    | 1 3 |  3.0
Spellcasting   | 3 |  3.4
Dodging        | 3 |  3.0
Fighting       | |  1.1

Action                   |  1- 3 |  4- 6 |  7- 9 || total
-------------------------+-------+-------+-------++-------
Melee: Unarmed           |   103 |   200 |   328 ||   631
       Headbutt          |    10 |     5 |     3 ||    18
       Punch             |     3 |     3 |     5 ||    11
 Cast: Beastly Appendage |    14 |     7 |     5 ||    26
       Sticks to Snakes  |     6 |     6 |    21 ||    33
       Spider Form       |       |    12 |    21 ||    33
       Blade Hands       |       |       |     3 ||     3
  Use: Potion            |     1 |       |     1 ||     2
       Scroll            |       |       |     6 ||     6
 Stab: Sleeping          |     1 |     1 |       ||     2
       Distracted        |     1 |       |     1 ||     2
  Eat: Chunk             |     3 |     7 |    17 ||    27
       Ration            |       |     2 |     2 ||     4
Armor: Robe              |    15 |    11 |       ||    26
       Leather armour    |       |    32 |    39 ||    71
       Skin              |       |     2 |     4 ||     6
Dodge: Dodged            |    72 |   197 |   196 ||   465

Table legend:
 A = Non-vault XP
 B = Vault XP
 C = Vault XP percentage of total XP
 D = Non-vault monster count
 E = Vault monster count
 F = Vault count percentage of total count
                 A         B        C        D         E       F
            +---------+---------+-------+---------+---------+-------
      Total |    3087 |     282 |   8.4 |     183 |       4 |   2.1
            +---------+---------+-------+---------+---------+-------
        D:1 |      82 |       0 |   0.0 |      39 |       0 |   0.0
        D:2 |     156 |       0 |   0.0 |      22 |       0 |   0.0
        D:3 |     197 |       1 |   0.5 |      33 |       1 |   2.9
        D:4 |     326 |       0 |   0.0 |       9 |       0 |   0.0
        D:5 |     512 |     190 |  27.1 |      21 |       2 |   8.7
        D:6 |     655 |      91 |  12.2 |      34 |       1 |   2.9
        D:7 |    1155 |       0 |   0.0 |      21 |       0 |   0.0
        D:8 |       4 |       0 |   0.0 |       4 |       0 |   0.0
            +---------+---------+-------+---------+---------+-------
